Map: 2000 Atmospheres LE

Players

Bly

  • Race: Zerg Zerg

MaxPax - Winner!

  • Race: Protoss Protoss

Event: DreamHack SC2 Masters 2021 Fall

VOD

Have the link to the VOD?

Description

Time

  • Played on: July 30, 2021, 10:48 a.m.
  • Length: 18:14

All games in this series

Show
View Real Time Build Order
Export as new Build Order

Bly Zerg 

Build Orders: Hatch First 

Get SALT Encoding   

  12  0:00  Drone  
  13  0:12  Overlord  
  13  0:19  Drone  
  14  0:30  Drone  
  14  0:31  Drone  
  16  0:48  Hatchery  
  15  0:52  Drone  
  15  0:55  Drone  
  17  0:58  Drone  
  18  1:10  Extractor  
  17  1:14  Spawning Pool  
  17  1:17  Drone  
  17  1:20  Drone  
  18  1:27  Drone  
  19  1:39  Drone  
  20  1:49  Overlord  
  20  2:00  Queen x2  
  25  2:01  Zergling x4  
  26  2:11  Drone x2  
  26  2:13  Metabolic Boost  
  28  2:22  Drone x2  
  30  2:36  Hatchery  
  29  2:44  Drone x4  
  33  2:51  Queen  
  35  3:00  Overlord  
  35  3:02  Drone  
  36  3:12  Overlord  
  36  3:18  Drone x5  
  36  3:19  Queen  
  43  3:30  Queen  
  43  3:32  Overlord  
  43  3:33  Drone  
  46  3:37  Drone x2  
  46  3:41  Drone x3  
  50  3:43  Overlord  
  50  3:47  Overlord  
  51  4:00  Spore Crawler, Drone  
  51  4:01  Drone x5  
  56  4:05  Drone  
  57  4:12  Drone x3  
  57  4:16  Queen  
  62  4:17  Queen, Spore Crawler  
  62  4:21  Drone x3  
  66  4:28  Drone x2  
  66  4:29  Drone x3  
  71  4:32  Lair  
  71  4:42  Overlord x3  
  71  4:57  Hatchery  
  71  4:59  Overlord  
  70  5:00  Extractor  
  70  5:05  Drone x10  
  79  5:08  Extractor  
  76  5:16  Drone  
  76  5:17  Drone x6  
  76  5:18  Extractor  
  76  5:19  Extractor, Drone  
  76  5:20  Extractor  
  81  5:28  Zergling x8  
  85  5:30  Hatchery  
  84  5:36  Drone x3  
  87  5:43  Spire  
  87  5:44  Drone x2  
  88  5:53  Roach Warren  
  88  5:56  Queen x2  
  88  5:57  Drone x7  
  97  6:01  Overlord  
  98  6:05  Overlord x3  
  97  6:13  Drone x5  
  97  6:14  Queen  
  104  6:24  Extractor  
  102  6:25  Spore Crawler  
  102  6:27  Extractor  
  102  6:30  Spore Crawler  
  98  6:44  Zergling x2  
  98  6:45  Zergling x8  
  102  6:48  Drone x13  
  111  7:01  Zerg Flyer Weapons Level 1, Overlord x2  
  111  7:08  Corruptor x7  
  110  7:11  Corruptor x4  
  132  7:28  Corruptor x5  
  141  7:31  Drone x11  
  152  7:43  Spore Crawler, Corruptor x3  
  157  7:47  Overlord x2  
  157  7:48  Drone  
  157  7:50  Infestation Pit  
  154  7:59  Extractor  
  154  8:01  Extractor, Evolution Chamber  
  154  8:05  Corruptor x4  
  151  8:10  Overlord x3  
  151  8:12  Glial Reconstitution  
  159  8:21  Zergling x28  
  159  8:26  Hive  
  159  8:27  Baneling Nest  
  172  8:41  Corruptor x6  
  164  8:48  Corruptor  
  175  8:50  Zergling x26  
  180  9:13  Corruptor  
  180  9:14  Corruptor x6  
  179  9:17  Drone x3  
  179  9:22  Drone x3, Hatchery  
  174  9:34  Corruptor x5  
  172  9:46  Ultralisk Cavern  
  172  9:51  Centrifical Hooks  
  170  10:04  Baneling x14  
  170  10:05  Zergling x50  
  195  10:14  Zerg Flyer Weapons Level 2  
  191  10:31  Hatchery  
  172  10:38  Roach x13  
  183  10:43  Corruptor  
  183  10:44  Corruptor x4  
  189  10:55  Chitinous Plating  
  187  10:57  Roach x6  
  187  11:00  Baneling x5  
  198  11:05  Adrenal Glands  
  196  11:13  Viper  
  187  11:35  Zergling x26  
  187  11:39  Baneling x7  
  178  11:49  Zergling x12  
  178  11:50  Zergling x32  
  180  11:58  Hatchery  
  145  12:11  Corruptor  
  145  12:12  Corruptor x9  
  150  12:18  Drone x6  
  150  12:21  Baneling x2  
  146  12:27  Drone  
  132  12:38  Extractor  
  132  12:39  Extractor  
  132  12:42  Drone x9  
  138  12:46  Drone  
  139  12:54  Roach  
  139  12:55  Roach x8  
  156  13:07  Baneling x4  
  156  13:08  Baneling x2  
  156  13:09  Ultralisk  
  162  13:15  Zerg Melee Weapons Level 1  
  162  13:21  Drone x3  
  162  13:22  Drone  
  166  13:38  Greater Spire  
  166  13:42  Corruptor x2  
  166  13:43  Corruptor x5  
  180  13:58  Drone x3  
  183  14:03  Drone x3  
  183  14:11  Zergling x34  
  198  14:35  Corruptor x2  
  199  14:46  Baneling x15  
  199  14:48  Overseer x3  
  199  14:51  Drone  
  200  14:56  Spore Crawler  
  200  14:57  Spine Crawler  
  200  14:59  Spine Crawler  
  197  15:04  Spine Crawler x2  
  193  15:10  Spine Crawler x2  
  184  15:25  Zergling x36  
  184  15:51  Pneumatized Carapace  
  183  16:10  Brood Lord x5  
  183  16:11  Brood Lord x2  
  185  16:21  Zergling x2  
  185  16:22  Zergling x34  
  182  16:43  Corruptor x5  
  128  17:11  Corruptor x9  
  128  17:12  Corruptor x3  
  89  17:34  Ravager x9  
  89  17:36  Roach x8  
  114  17:43  Hatchery  
Show
View Real Time Build Order
Export as new Build Order

MaxPax Protoss - Winner!

Build Orders: 1 Gate Expand, Oracle Opening, Carriers 

Get SALT Encoding   

  12  0:00  Probe  
  13  0:12  Probe  
  14  0:18  Pylon  
  14  0:24  Probe  
  15  0:36  Probe (Chrono Boost)  
  15  0:39  Gateway  
  16  0:46  Probe (Chrono Boost)  
  16  0:49  Assimilator  
  17  0:51  Probe (Chrono Boost)  
  18  1:03  Probe  
  19  1:15  Probe  
  20  1:28  Nexus  
  20  1:37  Cybernetics Core  
  20  1:41  Probe  
  21  1:50  Assimilator  
  21  1:53  Probe  
  22  1:57  Pylon  
  22  2:05  Probe  
  23  2:12  Adept (Chrono Boost)  
  25  2:17  Probe (Chrono Boost)  
  25  2:20  Stargate  
  26  2:26  Probe (Chrono Boost)  
  26  2:28  Warp Gate  
  27  2:31  Probe (Chrono Boost)  
  27  2:35  Adept  
  30  2:40  Probe  
  30  2:43  Probe  
  32  2:52  Probe  
  32  2:55  Void Ray (Chrono Boost), Probe  
  34  3:04  Probe  
  39  3:08  Pylon  
  39  3:09  Probe  
  40  3:16  Probe  
  40  3:18  Gateway  
  41  3:21  Probe  
  42  3:28  Oracle (Chrono Boost), Probe  
  42  3:33  Probe  
  47  3:40  Probe  
  48  3:45  Probe  
  49  3:49  Nexus  
  49  3:53  Pylon  
  49  3:55  Probe  
  50  3:58  Assimilator  
  50  3:59  Probe  
  51  4:04  Assimilator  
  51  4:07  Probe  
  52  4:11  Probe  
  52  4:15  Pylon, Void Ray (Chrono Boost)  
  53  4:19  Probe  
  53  4:23  Probe  
  59  4:27  Protoss Air Weapons Level 1  
  59  4:31  Probe  
  60  4:35  Probe  
  61  4:41  Stargate  
  61  4:43  Forge, Probe  
  62  4:47  Probe  
  62  4:49  Pylon  
  62  4:51  Void Ray  
  63  4:55  Probe (Chrono Boost)  
  63  4:59  Probe (Chrono Boost)  
  69  5:01  Probe (Chrono Boost)  
  69  5:05  Shield Battery  
  71  5:08  Probe (Chrono Boost)  
  71  5:11  Probe (Chrono Boost)  
  71  5:12  Probe (Chrono Boost)  
  73  5:14  Probe (Chrono Boost)  
  73  5:15  Probe (Chrono Boost)  
  73  5:16  Probe (Chrono Boost)  
  73  5:17  Assimilator  
  73  5:19  Void Ray, Robotics Facility  
  76  5:21  Assimilator  
  76  5:27  Probe  
  81  5:32  Probe x2  
  83  5:36  Void Ray  
  83  5:40  Probe (Chrono Boost)  
  88  5:44  Pylon  
  88  5:45  Probe (Chrono Boost)  
  88  5:47  Probe (Chrono Boost)  
  90  5:52  Stargate  
  90  5:56  Probe (Chrono Boost)  
  93  5:57  Probe (Chrono Boost)  
  93  6:00  Fleet Beacon, Probe (Chrono Boost)  
  93  6:01  Probe (Chrono Boost)  
  93  6:04  Probe (Chrono Boost)  
  95  6:05  Pylon  
  95  6:08  Adept x2, Probe  
  101  6:11  Probe  
  101  6:17  Pylon, Robotics Bay  
  101  6:20  Photon Cannon x2  
  101  6:21  Photon Cannon  
  101  6:23  Observer  
  102  6:31  Zealot x2  
  102  6:32  Pylon  
  106  6:44  Carrier (Chrono Boost)  
  110  6:53  Carrier (Chrono Boost)  
  117  7:12  Carrier (Chrono Boost)  
  117  7:13  Shield Battery  
  117  7:14  Nexus  
  117  7:16  Pylon  
  117  7:19  Photon Cannon  
  117  7:22  Pylon, Photon Cannon  
  117  7:24  Pylon  
  117  7:27  Pylon x2, Probe  
  117  7:34  Photon Cannon, Probe x2  
  117  7:35  Protoss Air Weapons Level 2  
  125  7:37  Flux Vanes, Void Ray (Chrono Boost)  
  125  7:40  Probe  
  125  7:43  Pylon, Void Ray  
  124  7:47  Photon Cannon  
  124  7:49  Observer  
  124  7:50  Shield Battery  
  128  7:53  Probe x2  
  129  7:58  Protoss Ground Weapons Level 1  
  129  7:59  Twilight Council  
  129  8:02  Gateway, Probe  
  130  8:10  Shield Battery  
  130  8:11  Shield Battery  
  130  8:12  Pylon  
  130  8:13  Probe  
  130  8:16  Void Ray (Chrono Boost)  
  130  8:17  Probe x2  
  130  8:19  Assimilator  
  133  8:22  Assimilator  
  133  8:25  Probe  
  133  8:26  Void Ray (Chrono Boost), Probe  
  143  8:31  Photon Cannon  
  143  8:32  Void Ray (Chrono Boost)  
  143  8:34  Zealot x2  
  143  8:37  Probe  
  144  8:48  Charge (Chrono Boost)  
  148  8:50  Void Ray (Chrono Boost)  
  148  8:53  Probe x3  
  155  8:56  Zealot x2  
  155  8:58  Gateway  
  155  9:02  Void Ray (Chrono Boost)  
  151  9:03  Gateway, Void Ray  
  149  9:19  Photon Cannon  
  149  9:20  Void Ray  
  149  9:22  Photon Cannon  
  149  9:26  Stalker  
  149  9:27  Stalker  
  151  9:32  Stalker  
  149  9:39  Void Ray  
  149  9:45  Gateway, Void Ray  
  153  9:48  Gateway  
  153  9:51  Templar Archives  
  157  9:53  Gateway  
  157  9:55  Zealot x4  
  165  10:00  Protoss Ground Weapons Level 2  
  165  10:01  Pylon, Void Ray  
  169  10:12  Pylon  
  169  10:14  Zealot  
  169  10:15  Zealot x3  
  169  10:16  Zealot  
  169  10:19  Pylon x2  
  179  10:23  Void Ray (Chrono Boost)  
  173  10:29  Protoss Air Weapons Level 3 (Chrono Boost), Void Ray (Chrono Boost)  
  161  10:37  Void Ray (Chrono Boost)  
  154  10:49  High Templar x2  
  159  10:50  Zealot x5  
  159  10:53  Archon  
  173  11:04  Void Ray (Chrono Boost)  
  173  11:06  Photon Cannon, Zealot, Immortal (Chrono Boost)  
  173  11:09  Void Ray (Chrono Boost)  
  177  11:17  Zealot  
  177  11:18  Zealot x4  
  185  11:25  Photon Cannon  
  185  11:28  Zealot x3  
  189  11:39  Zealot x2  
  183  11:49  Zealot x3  
  183  11:50  Zealot x3  
  181  11:58  Void Ray (Chrono Boost)  
  181  12:01  Void Ray (Chrono Boost)  
  167  12:07  Void Ray (Chrono Boost)  
  163  12:16  Probe x2  
  163  12:20  Immortal (Chrono Boost)  
  163  12:22  Psionic Storm  
  153  12:33  Pylon  
  153  12:35  High Templar x4  
  153  12:36  Photon Cannon  
  153  12:37  Shield Battery  
  159  12:38  Photon Cannon  
  159  12:49  Carrier (Chrono Boost)  
  159  12:58  Immortal (Chrono Boost)  
  163  13:07  Carrier (Chrono Boost)  
  169  13:12  Zealot x3  
  169  13:13  Zealot  
  169  13:14  Pylon  
  177  13:20  Pylon  
  177  13:21  High Templar  
  179  13:40  Photon Cannon  
  179  13:43  Carrier (Chrono Boost)  
  183  13:52  High Templar x3  
  183  13:53  High Templar  
  191  13:56  Nexus  
  191  13:57  Archon  
  191  13:58  Photon Cannon, Archon  
  191  13:59  Photon Cannon  
  191  14:02  Pylon  
  191  14:04  Photon Cannon  
  191  14:05  Stalker  
  191  14:06  Stalker x2  
  196  14:10  Pylon  
  192  14:36  High Templar x3, Warp Prism (Chrono Boost)  
  192  14:37  High Templar  
  196  14:38  Protoss Ground Weapons Level 3 (Chrono Boost)  
  196  14:41  Archon x2  
  198  14:52  Assimilator  
  198  14:54  Pylon  
  198  14:55  Assimilator, Photon Cannon  
  198  14:58  Photon Cannon  
  196  15:00  Photon Cannon  
  196  15:01  Pylon  
  196  15:05  Blink (Chrono Boost), Dark Shrine  
  196  15:11  Gateway  
  190  15:15  Gateway  
  190  15:18  High Templar x2  
  188  15:23  Archon  
  188  15:24  Carrier (Chrono Boost)  
  192  15:28  Zealot x2  
  196  15:36  Stalker x2  
  195  15:53  Pylon, Zealot x2  
  199  16:05  Pylon  
  197  16:19  Zealot  
  197  16:21  Zealot  
  194  16:35  Zealot x3  
  198  16:48  Zealot  
  196  16:55  Pylon  
  181  17:11  Carrier (Chrono Boost)  
  159  17:17  Carrier (Chrono Boost)  
  159  17:18  Zealot x10  
  167  17:33  Observer (Chrono Boost)  
  168  17:50  Zealot x7  
  168  17:51  Zealot x3  

Tags
 
Add a new tag
Caveats
  • Supply blocks, unpowered buildings, or Contaminate may cause inaccurate times.
  • Supply counts are checked every 10 seconds.